[Event "121st Swiss Championship 2022"]
[Site "Samnaun-Compatsch"]
[Date "2022.07.08"]
[Round "7.11"]
[White "Bex, Pierre-Alain"]
[Black "Stoeri, Laura"]
[Result "0-1"]
[ECO "C90"]
[WhiteElo "2189"]
[BlackElo "2084"]
[Annotator "RC"]
[PlyCount "38"]
[EventDate "2022.06.28"]
[EventType "swiss"]
[EventCountry "SUI"]
[SourceTitle "playchess.com"]
[Source "ChessBase"]
[SourceQuality "1"]
[TimeControl "40/5400+30:1800+30"]

1. e4 e5 2. Nf3 Nc6 3. Bc4 Nf6 4. d3 Be7 5. c3 d6 6. Nbd2 O-O 7. O-O Na5 8. Bb5 a6 9. Ba4 b5 10. Bc2 c5 11. Re1 Re8 12. d4 Qc7 13. b4 cxb4 14. cxb4 Nc6 15. a3 Bg4 16. h3 Nxd4 17. Bb1 Qc3 18. Ra2 Nxf3+ 19. gxf3 Bxh3 0-1

[Event "121st Swiss Championship 2022"]
[Site "Samnaun-Compatsch"]
[Date "2022.07.09"]
[Round "8.1"]
[White "Baenziger, Fabian"]
[Black "Schlegel, Igor"]
[Result "1-0"]
[ECO "D30"]
[WhiteElo "2451"]
[BlackElo "2194"]
[Annotator "RC"]
[PlyCount "77"]
[EventDate "2022.06.28"]
[EventType "swiss"]
[EventCountry "SUI"]
[SourceTitle "playchess.com"]
[Source "ChessBase"]
[SourceQuality "1"]
[TimeControl "40/5400+30:1800+30"]

1. d4 d5 2. c4 e6 3. Nf3 a6 4. Bg5 Be7 5. Bxe7 Qxe7 6. Nbd2 Nf6 7. g3 b6 8. Rc1 O-O 9. Bg2 Bb7 10. O-O c5 11. cxd5 exd5 12. dxc5 bxc5 13. Nb3 Nbd7 14. Na5 Rab8 15. Nxb7 Rxb7 16. Rc2 Rfb8 17. Qc1 Rb6 18. Rd1 Re6 19. e3 Rd6 20. b3 h5 21. Qd2 Rb5 22. Qe2 g6 23. Ne1 h4 24. Nd3 Ne4 25. Nf4 Qe5 26. Bxe4 Qxe4 27. f3 Qe5 28. Rcd2 Nf6 29. e4 d4 30. Kg2 Rd8 31. Nd3 Qe6 32. Rc1 Rc8 33. Nf4 Qb6 34. Rxd4 cxd4 35. Rxc8+ Kg7 36. Qc4 Qa5 37. Rc7 Qxa2+ 38. Kh3 Qxb3 39. Rxf7+ 1-0

[Event "121st Swiss Championship 2022"]
[Site "Samnaun-Compatsch"]
[Date "2022.07.09"]
[Round "8.2"]
[White "Fecker, Noah"]
[Black "Pavlovic, Milos"]
[Result "1/2-1/2"]
[ECO "C70"]
[WhiteElo "2387"]
[BlackElo "2461"]
[Annotator "RC"]
[PlyCount "56"]
[EventDate "2022.06.28"]
[EventType "swiss"]
[EventCountry "SUI"]
[SourceTitle "playchess.com"]
[Source "ChessBase"]
[SourceQuality "1"]
[TimeControl "40/5400+30:1800+30"]

1. e4 e5 2. Nf3 Nc6 3. Bb5 a6 4. Ba4 Nge7 5. Nc3 d6 6. O-O Ng6 7. Re1 Be7 8. Nd5 O-O 9. d3 f5 10. Bb3 Kh8 11. Nxe7 Qxe7 12. Ng5 h6 13. Qh5 f4 14. Qxg6 Qxg5 15. Qxg5 hxg5 16. h3 a5 17. Ba4 Nb4 18. a3 Na6 19. c3 Nc5 20. Bc2 Be6 21. d4 Nb3 22. Bxb3 Bxb3 23. Bd2 a4 24. Rac1 Rad8 25. f3 Kg8 26. Kf2 Rfe8 27. Rh1 Kf7 28. h4 gxh4 1/2-1/2

[Event "121st Swiss Championship 2022"]
[Site "Samnaun-Compatsch"]
[Date "2022.07.09"]
[Round "8.3"]
[White "Gaehwiler, Gabriel"]
[Black "Gallagher, Joseph G."]
[Result "1-0"]
[ECO "D02"]
[WhiteElo "2420"]
[BlackElo "2447"]
[Annotator "RC"]
[PlyCount "79"]
[EventDate "2022.06.28"]
[EventType "swiss"]
[EventCountry "SUI"]
[SourceTitle "playchess.com"]
[Source "ChessBase"]
[SourceQuality "1"]
[TimeControl "40/5400+30:1800+30"]

1. d4 Nf6 2. Nf3 g6 3. g3 Bg7 4. Bg2 O-O 5. O-O d5 6. Nbd2 c6 7. Re1 Bf5 8. c3 Nbd7 9. Nh4 Be6 10. e4 dxe4 11. Nxe4 Nxe4 12. Bxe4 Qb6 13. Ng2 Nf6 14. Bf3 Nd5 15. Re2 Rad8 16. Bg5 Rfe8 17. Qe1 h6 18. Bd2 Kh7 19. c4 Nc7 20. Ba5 Qxd4 21. Bxc7 Rd7 22. Rxe6 Rxc7 23. Re2 Qxc4 24. b3 Qa6 25. Rd1 e5 26. h4 h5 27. Red2 e4 28. Be2 Qa3 29. Rd7 Re7 30. Rxc7 Rxc7 31. Qd2 Be5 32. Ne3 b5 33. Qc2 f5 34. Bxh5 gxh5 35. Nxf5 Qb4 36. a3 Qc3 37. Qxe4 Kg8 38. Rd3 Qc1+ 39. Kg2 Qc5 40. b4 1-0

[Event "121st Swiss Championship 2022"]
[Site "Samnaun-Compatsch"]
[Date "2022.07.09"]
[Round "8.4"]
[White "Gschnitzer, Adrian"]
[Black "Hakimifard, Ghazal"]
[Result "1-0"]
[ECO "B43"]
[WhiteElo "2433"]
[BlackElo "2296"]
[Annotator "RC"]
[PlyCount "85"]
[EventDate "2022.06.28"]
[EventType "swiss"]
[EventCountry "SUI"]
[SourceTitle "playchess.com"]
[Source "ChessBase"]
[SourceQuality "1"]
[TimeControl "40/5400+30:1800+30"]

1. e4 c5 2. Nf3 e6 3. d4 cxd4 4. Nxd4 a6 5. Nc3 Qc7 6. Bd3 Nf6 7. O-O Nc6 8. Nxc6 dxc6 9. f4 e5 10. Qe1 Bc5+ 11. Kh1 b5 12. f5 Bb7 13. Qg3 Kf8 14. Bg5 h6 15. Bxf6 gxf6 16. a4 Rd8 17. Ne2 Ke7 18. Qh4 h5 19. Ng3 Rdg8 20. Nxh5 Rg5 21. g4 Qd8 22. Qh3 Bd4 23. c3 Ba7 24. Rad1 Qb6 25. a5 Qxa5 26. Bc2 Qc7 27. Bb3 Bc8 28. Qf3 Rhg8 29. h3 Qb6 30. Rd3 a5 31. Rfd1 a4 32. Ba2 b4 33. Nxf6 Kxf6 34. Rd6+ Kg7 35. h4 Rh8 36. Qg3 f6 37. Kg2 b3 38. Bb1 Qf2+ 39. Qxf2 Rxg4+ 40. Qg3 Rxg3+ 41. Kxg3 Be3 42. Rxc6 Bf4+ 43. Kf3 1-0

[Event "121st Swiss Championship 2022"]
[Site "Samnaun-Compatsch"]
[Date "2022.07.09"]
[Round "8.5"]
[White "Georgescu, Lena"]
[Black "Loeffler, Markus"]
[Result "1-0"]
[ECO "B12"]
[WhiteElo "2279"]
[BlackElo "2278"]
[Annotator "RC"]
[PlyCount "109"]
[EventDate "2022.06.28"]
[EventType "swiss"]
[EventCountry "SUI"]
[SourceTitle "playchess.com"]
[Source "ChessBase"]
[SourceQuality "1"]
[TimeControl "40/5400+30:1800+30"]

1. e4 c6 2. d4 d5 3. e5 Bf5 4. h4 h5 5. Bd3 Bxd3 6. Qxd3 Qa5+ 7. Nd2 e6 8. Ngf3 Nh6 9. O-O Nf5 10. Nb3 Qa6 11. Qd1 Be7 12. g3 b6 13. Bg5 Bxg5 14. Nxg5 Nd7 15. Re1 g6 16. c3 Rc8 17. Nc1 c5 18. Ne2 Kf8 19. dxc5 Nxc5 20. Nd4 Qd3 21. Nxf5 Qxf5 22. Re3 Rc7 23. Qe1 Kg7 24. Rd1 Qc2 25. Rd2 Qa4 26. b3 Qa3 27. Kg2 Re8 28. Rf3 Ree7 29. Qe2 Qa6 30. Qe3 Qb7 31. Rd4 Red7 32. Kh2 Ne4 33. Rd3 Qa8 34. Rf4 Nxg5 35. hxg5 Qd8 36. Rdd4 Qxg5 37. Rxf7+ Kh6 38. f4 Qg4 39. Rf6 Rg7 40. Rxe6 Kh7 41. Re8 h4 42. gxh4 Qxh4+ 43. Qh3 Qxh3+ 44. Kxh3 Rxc3+ 45. Kg4 Rd7 46. e6 Rdc7 47. Rxd5 Kg7 48. f5 gxf5+ 49. Kg5 Rg3+ 50. Kxf5 Rf3+ 51. Ke5 Rfc3 52. Rd7+ Kg6 53. Rxc7 Rxc7 54. Rg8+ Kh7 55. Rg2 1-0

[Event "121st Swiss Championship 2022"]
[Site "Samnaun-Compatsch"]
[Date "2022.07.09"]
[Round "8.6"]
[White "Curien, Nicolas"]
[Black "Rohrer, Christophe"]
[Result "1-0"]
[ECO "A45"]
[WhiteElo "2198"]
[BlackElo "2246"]
[Annotator "RC"]
[PlyCount "47"]
[EventDate "2022.06.28"]
[EventType "swiss"]
[EventCountry "SUI"]
[SourceTitle "playchess.com"]
[Source "ChessBase"]
[SourceQuality "1"]
[TimeControl "40/5400+30:1800+30"]

1. d4 Nf6 2. Bg5 c5 3. d5 Ne4 4. Bf4 Qb6 5. Bc1 g6 6. f3 Nd6 7. e4 Bg7 8. c3 O-O 9. h4 f5 10. h5 fxe4 11. hxg6 hxg6 12. Nd2 Be5 13. Qc2 Nf5 14. Nxe4 e6 15. Bc4 Qc7 16. a4 Nc6 17. dxc6 d5 18. g4 Ne7 19. Bh6 Re8 20. Bg5 dxe4 21. Qxe4 Bg3+ 22. Kf1 Qxc6 23. Qd3 Kg7 24. Bb5 1-0

[Event "121st Swiss Championship 2022"]
[Site "Samnaun-Compatsch"]
[Date "2022.07.09"]
[Round "8.7"]
[White "Stoeri, Laura"]
[Black "Pogan, Nikolas"]
[Result "0-1"]
[ECO "E14"]
[WhiteElo "2084"]
[BlackElo "2226"]
[Annotator "RC"]
[PlyCount "84"]
[EventDate "2022.06.28"]
[EventType "swiss"]
[EventCountry "SUI"]
[SourceTitle "playchess.com"]
[Source "ChessBase"]
[SourceQuality "1"]
[TimeControl "40/5400+30:1800+30"]

1. e4 c6 2. c4 d5 3. cxd5 cxd5 4. exd5 Nf6 5. Nc3 Nxd5 6. Nf3 Nc6 7. Bc4 e6 8. O-O Be7 9. d4 Nxc3 10. bxc3 O-O 11. Re1 b6 12. Bb3 Bb7 13. Qd3 Rc8 14. Bc2 g6 15. Bh6 Re8 16. Bd2 Bf6 17. Re2 Qc7 18. Rae1 Nb4 19. cxb4 Qxc2 20. Qa3 Qc6 21. Qe3 Qd5 22. Bc1 Rc4 23. a3 Rec8 24. Bb2 g5 25. Rd1 Rc2 26. Ne1 Kg7 27. f3 Rxe2 28. Qxe2 Qb3 29. Rd2 Bd5 30. h3 h6 31. Kh2 Be7 32. Nd3 Bd6+ 33. g3 f6 34. Qf2 h5 35. f4 h4 36. gxh4 gxf4 37. Nxf4 Kf7 38. Kg1 Rg8+ 39. Kf1 Bxf4 40. Qxf4 Qxh3+ 41. Ke2 Rg2+ 42. Kd1 Bb3+ 0-1

[Event "121st Swiss Championship 2022"]
[Site "Samnaun-Compatsch"]
[Date "2022.07.09"]
[Round "8.8"]
[White "Wyss, Jonas"]
[Black "Labelle, Ambroise"]
[Result "0-1"]
[ECO "C11"]
[WhiteElo "2223"]
[BlackElo "2045"]
[Annotator "RC"]
[PlyCount "86"]
[EventDate "2022.06.28"]
[EventType "swiss"]
[EventCountry "SUI"]
[SourceTitle "playchess.com"]
[Source "ChessBase"]
[SourceQuality "1"]
[TimeControl "40/5400+30:1800+30"]

1. e4 e6 2. d4 d5 3. Nc3 Nf6 4. e5 Nfd7 5. f4 c5 6. Nf3 Nc6 7. Be3 Be7 8. Qd2 O-O 9. dxc5 Qa5 10. O-O-O b6 11. Bb5 Nb4 12. Kb1 bxc5 13. a3 Rb8 14. axb4 cxb4 15. Nxd5 exd5 16. Bxd7 Bxd7 17. Qxd5 Qxd5 18. Rxd5 Bc6 19. Ra5 Rfc8 20. b3 Be4 21. Rc1 Rc3 22. Bd4 Rxb3+ 23. Ka2 Ra3+ 24. Rxa3 bxa3 25. c4 Kf8 26. c5 Ke8 27. c6 Rc8 28. c7 Kd7 29. e6+ fxe6 30. Ne5+ Ke8 31. Bxa7 Bxg2 32. Bb8 Bd6 33. Ka1 Bd5 34. h4 g6 35. Rc3 Be7 36. h5 gxh5 37. Rg3 h4 38. Rg8+ Bf8 39. Rxf8+ Kxf8 40. Nd7+ Kg7 41. Nb6 h3 42. Nxc8 h2 43. Nd6 h1=Q# 0-1

[Event "121st Swiss Championship 2022"]
[Site "Samnaun-Compatsch"]
[Date "2022.07.09"]
[Round "8.9"]
[White "Angst, Oliver"]
[Black "Collin, Moritz Valentin"]
[Result "1-0"]
[ECO "A01"]
[WhiteElo "2203"]
[BlackElo "2129"]
[Annotator "RC"]
[PlyCount "83"]
[EventDate "2022.06.28"]
[EventType "swiss"]
[EventCountry "SUI"]
[SourceTitle "playchess.com"]
[Source "ChessBase"]
[SourceQuality "1"]
[TimeControl "40/5400+30:1800+30"]

1. b3 e5 2. Bb2 Nc6 3. e3 d5 4. Bb5 Bd6 5. f4 f6 6. Nf3 Nh6 7. fxe5 fxe5 8. O-O O-O 9. Bxc6 bxc6 10. Nxe5 Rxf1+ 11. Qxf1 Bf5 12. Nf3 Bxc2 13. d3 Bxb1 14. Rxb1 Qe7 15. Re1 Bc5 16. Bd4 Nf5 17. Bxc5 Qxc5 18. Qf2 Rf8 19. e4 Qxf2+ 20. Kxf2 Nd4 21. Rc1 dxe4 22. dxe4 Rf6 23. Ke3 Nxf3 24. gxf3 Kf7 25. f4 Rh6 26. Rc2 Ke7 27. e5 Kd7 28. Ke4 g6 29. Kf3 Rh3+ 30. Kg4 Rd3 31. h4 Rd5 32. h5 gxh5+ 33. Kf5 a6 34. Rh2 Ke8 35. Rxh5 Rd7 36. Rh6 a5 37. Rxc6 Rd2 38. Rxc7 Rxa2 39. Ke6 Kd8 40. Rxh7 Rb2 41. Rd7+ Ke8 42. Ra7 1-0

[Event "121st Swiss Championship 2022"]
[Site "Samnaun-Compatsch"]
[Date "2022.07.09"]
[Round "8.10"]
[White "Grob, Joshua"]
[Black "Lou, Vincent"]
[Result "0-1"]
[ECO "B50"]
[WhiteElo "2040"]
[BlackElo "2200"]
[Annotator "RC"]
[PlyCount "102"]
[EventDate "2022.06.28"]
[EventType "swiss"]
[EventCountry "SUI"]
[SourceTitle "playchess.com"]
[Source "ChessBase"]
[SourceQuality "1"]
[TimeControl "40/5400+30:1800+30"]

1. e4 c5 2. Nf3 d6 3. c3 Nf6 4. h3 e6 5. Bd3 Be7 6. O-O O-O 7. Bc2 b5 8. d4 Bb7 9. Re1 a6 10. Bg5 Nbd7 11. Nbd2 cxd4 12. cxd4 Rc8 13. a3 Nb6 14. e5 dxe5 15. dxe5 Nfd7 16. Bxe7 Qxe7 17. Be4 Nc5 18. Rc1 Rfd8 19. Qe2 Nd5 20. g3 Na4 21. Nb1 Rc7 22. Rc2 Rdc8 23. Rec1 Nc5 24. Nbd2 h6 25. Nd4 Qd8 26. N4b3 Na4 27. Nf3 Rxc2 28. Rxc2 Ndc3 29. bxc3 Nxc3 30. Rxc3 Rxc3 31. Bxb7 Rxb3 32. Qa2 Qd3 33. Be4 Qc3 34. Qd2 Qxd2 35. Nxd2 Rxa3 36. Kf1 a5 37. Ke2 b4 38. Kd1 a4 39. Kc1 Kf8 40. Kb2 Rc3 41. Nb1 Rc5 42. f4 Ke7 43. h4 Kd7 44. h5 Kc7 45. Bf3 Kb6 46. Bd1 Ka5 47. Nd2 Rc7 48. Ne4 b3 49. Nd2 Kb4 50. Nb1 Ra7 51. Na3 Rd7 0-1

[Event "121st Swiss Championship 2022"]
[Site "Samnaun-Compatsch"]
[Date "2022.07.09"]
[Round "8.11"]
[White "Balzer, Lars"]
[Black "Sedina, Yelena"]
[Result "0-1"]
[ECO "C00"]
[WhiteElo "2012"]
[BlackElo "2215"]
[Annotator "RC"]
[PlyCount "40"]
[EventDate "2022.06.28"]
[EventType "swiss"]
[EventCountry "SUI"]
[SourceTitle "playchess.com"]
[Source "ChessBase"]
[SourceQuality "1"]
[TimeControl "40/5400+30:1800+30"]

1. e4 e6 2. d3 d5 3. Nd2 Nf6 4. Ngf3 Nc6 5. e5 Nd7 6. d4 f6 7. Bd3 fxe5 8. Nxe5 Ndxe5 9. dxe5 Nxe5 10. Qh5+ Nf7 11. Bxh7 Qf6 12. O-O Bd7 13. Nf3 O-O-O 14. Qg6 e5 15. Qxf6 gxf6 16. Bg6 Nd6 17. c3 e4 18. Nd4 Be7 19. f4 f5 20. g4 Rdg8 0-1

[Event "121st Swiss Championship 2022"]
[Site "Samnaun-Compatsch"]
[Date "2022.07.10"]
[Round "9.2"]
[White "Pogan, Nikolas"]
[Black "Gaehwiler, Gabriel"]
[Result "1-0"]
[ECO "A50"]
[WhiteElo "2226"]
[BlackElo "2420"]
[Annotator "RC"]
[PlyCount "81"]
[EventDate "2022.06.28"]
[EventType "swiss"]
[EventCountry "SUI"]
[SourceTitle "playchess.com"]
[Source "ChessBase"]
[SourceQuality "1"]
[TimeControl "40/5400+30:1800+30"]

1. Nf3 Nf6 2. g3 b6 3. d4 Bb7 4. Bg2 g6 5. O-O Bg7 6. c4 O-O 7. Nc3 Ne4 8. Qd3 Nxc3 9. Qxc3 c5 10. Be3 d6 11. Qd2 e5 12. dxe5 dxe5 13. Rad1 Nc6 14. Qxd8 Raxd8 15. Ng5 h6 16. Ne4 f5 17. Nd6 Ba8 18. Bd5+ Kh7 19. Nb5 f4 20. Bxc6 Bxc6 21. Rxd8 Rxd8 22. Nxa7 Bb7 23. Bc1 f3 24. exf3 Bxf3 25. Re1 Ra8 26. Nb5 Rxa2 27. Nc3 Ra8 28. h3 e4 29. Nxe4 Bxe4 30. Rxe4 Ra1 31. Re1 Bxb2 32. Bd2 Ra4 33. Re7+ Kg8 34. Re6 Rxc4 35. Rxg6+ Kf7 36. Rxb6 Rc2 37. Be3 Ba3 38. Rxh6 c4 39. Rc6 c3 40. h4 Ke7 41. h5 1-0

[Event "121st Swiss Championship 2022"]
[Site "Samnaun-Compatsch"]
[Date "2022.07.10"]
[Round "9.3"]
[White "Pavlovic, Milos"]
[Black "Curien, Nicolas"]
[Result "1-0"]
[ECO "D45"]
[WhiteElo "2461"]
[BlackElo "2198"]
[Annotator "RC"]
[PlyCount "51"]
[EventDate "2022.06.28"]
[EventType "swiss"]
[EventCountry "SUI"]
[SourceTitle "playchess.com"]
[Source "ChessBase"]
[SourceQuality "1"]
[TimeControl "40/5400+30:1800+30"]

1. c4 c6 2. Nf3 d5 3. e3 Nf6 4. Nc3 e6 5. b3 Nbd7 6. Qc2 Bd6 7. Bb2 O-O 8. Be2 a6 9. d4 b5 10. O-O Rb8 11. Rfd1 b4 12. Na4 Ne4 13. Ne5 Qh4 14. Bd3 f5 15. f3 Qh6 16. Qe2 Ndf6 17. c5 Bc7 18. fxe4 dxe4 19. Bc4 Ng4 20. g3 Qxe3+ 21. Qxe3 Nxe3 22. Nxc6 Nxd1 23. Rxd1 Ra8 24. Nb6 Bxb6 25. cxb6 Kf7 26. d5 1-0

[Event "121st Swiss Championship 2022"]
[Site "Samnaun-Compatsch"]
[Date "2022.07.10"]
[Round "9.4"]
[White "Schlegel, Igor"]
[Black "Fecker, Noah"]
[Result "0-1"]
[ECO "B48"]
[WhiteElo "2194"]
[BlackElo "2387"]
[Annotator "RC"]
[PlyCount "54"]
[EventDate "2022.06.28"]
[EventType "swiss"]
[EventCountry "SUI"]
[SourceTitle "playchess.com"]
[Source "ChessBase"]
[SourceQuality "1"]
[TimeControl "40/5400+30:1800+30"]

1. e4 c5 2. Nf3 e6 3. d4 cxd4 4. Nxd4 Nc6 5. Nc3 Qc7 6. Be3 a6 7. Qf3 Nf6 8. O-O-O Ne5 9. Qg3 b5 10. f4 Neg4 11. e5 Nxe3 12. Qxe3 b4 13. Na4 Nd5 14. Qg3 g6 15. Kb1 Bh6 16. Ne2 Bb7 17. Qh4 Rc8 18. c4 Bg7 19. Qf2 Qxc4 20. Nd4 Qc7 21. Nb3 O-O 22. Rc1 Qb8 23. Nac5 Qa7 24. Qd2 Bh6 25. Rc4 Bc6 26. Rd4 a5 27. Na6 Bb7 0-1

[Event "121st Swiss Championship 2022"]
[Site "Samnaun-Compatsch"]
[Date "2022.07.10"]
[Round "9.5"]
[White "Labelle, Ambroise"]
[Black "Georgescu, Lena"]
[Result "1/2-1/2"]
[ECO "B53"]
[WhiteElo "2045"]
[BlackElo "2279"]
[Annotator "RC"]
[PlyCount "108"]
[EventDate "2022.06.28"]
[EventType "swiss"]
[EventCountry "SUI"]
[SourceTitle "playchess.com"]
[Source "ChessBase"]
[SourceQuality "1"]
[TimeControl "40/5400+30:1800+30"]

1. e4 c5 2. Nf3 d6 3. d4 cxd4 4. Qxd4 Nc6 5. Bb5 Bd7 6. Qd3 g6 7. Nc3 Bg7 8. Bg5 Nf6 9. h3 Rc8 10. O-O O-O 11. Rad1 h6 12. Bxc6 Bxc6 13. Be3 b5 14. Bd4 b4 15. Nd5 Bxd5 16. exd5 Qa5 17. Rfe1 Rc7 18. Qb3 Qb5 19. a4 Qb7 20. c4 bxc3 21. Qxb7 Rxb7 22. Bxc3 Rc8 23. Bd4 a6 24. Rd3 Kf8 25. Kf1 Nh5 26. Bxg7+ Kxg7 27. b3 Nf6 28. Red1 Kf8 29. Ke2 Rc2+ 30. R1d2 Rbc7 31. b4 Ke8 32. Rd4 Kd7 33. Rxc2 Rxc2+ 34. Nd2 Ra2 35. a5 h5 36. Kd3 Ra1 37. g4 Rh1 38. Kc4 Rc1+ 39. Kd3 Rh1 40. Kc4 Rc1+ 41. Kd3 Rg1 42. Nf3 Rd1+ 43. Nd2 Kc7 44. g5 Ne8 45. Rc4+ Kd7 46. h4 Nc7 47. Rd4 Rh1 48. Nc4 Rh3+ 49. Ke2 Rb3 50. Nb6+ Kd8 51. Rf4 Ke8 52. Rc4 Kd8 53. Rf4 Ke8 54. Rc4 Kd8 1/2-1/2

[Event "121st Swiss Championship 2022"]
[Site "Samnaun-Compatsch"]
[Date "2022.07.10"]
[Round "9.6"]
[White "Lou, Vincent"]
[Black "Angst, Oliver"]
[Result "1/2-1/2"]
[ECO "D45"]
[WhiteElo "2200"]
[BlackElo "2203"]
[Annotator "RC"]
[PlyCount "144"]
[EventDate "2022.06.28"]
[EventType "swiss"]
[EventCountry "SUI"]
[SourceTitle "playchess.com"]
[Source "ChessBase"]
[SourceQuality "1"]
[TimeControl "40/5400+30:1800+30"]

1. d4 d5 2. c4 c6 3. Nc3 Nf6 4. Nf3 e6 5. e3 Nbd7 6. Qc2 Bd6 7. b3 O-O 8. Be2 b6 9. O-O Bb7 10. Bb2 Qe7 11. Rfd1 Rfd8 12. Rac1 Rac8 13. g3 c5 14. cxd5 Nxd5 15. Nxd5 exd5 16. Qb1 c4 17. bxc4 dxc4 18. Nd2 b5 19. Ba1 Bb4 20. Bc3 Ba3 21. Bb2 Bd6 22. Ba1 Bb4 23. Bc3 Ba3 24. Bb2 Bxb2 25. Qxb2 Ba6 26. Bf1 Nb6 27. Qb1 Na4 28. Ne4 Bb7 29. Nc3 Nxc3 30. Rxc3 Ba8 31. Bg2 Bxg2 32. Kxg2 b4 33. Rcc1 a5 34. e4 a4 35. d5 b3 36. axb3 axb3 37. Rd4 Qb4 38. Qb2 Qb5 39. Qc3 h6 40. Rcd1 Rd7 41. e5 Rcd8 42. Qxc4 Qxc4 43. Rxc4 Rxd5 44. Rxd5 Rxd5 45. Rc8+ Kh7 46. Rb8 Rd3 47. Rb6 g5 48. h3 h5 49. e6 fxe6 50. Rxe6 Rd1 51. Rb6 Rb1 52. Kf3 b2 53. h4 gxh4 54. gxh4 Kg7 55. Kf4 Kf7 56. Kf5 Kg7 57. f4 Rh1 58. Rxb2 Rxh4 59. Rb7+ Kh6 60. Ke5 Rh1 61. f5 Re1+ 62. Kf6 Ra1 63. Kf7 h4 64. f6 h3 65. Rb3 Ra7+ 66. Ke6 Ra6+ 67. Kf5 Ra5+ 68. Kg4 Kg6 69. Rxh3 Ra4+ 70. Kg3 Ra3+ 71. Kg2 Rxh3 72. Kxh3 Kxf6 1/2-1/2

[Event "121st Swiss Championship 2022"]
[Site "Samnaun-Compatsch"]
[Date "2022.07.10"]
[Round "9.8"]
[White "Hakimifard, Ghazal"]
[Black "Salzgeber, Frank"]
[Result "1-0"]
[ECO "C65"]
[WhiteElo "2296"]
[BlackElo "2131"]
[Annotator "RC"]
[PlyCount "147"]
[EventDate "2022.06.28"]
[EventType "swiss"]
[EventCountry "SUI"]
[SourceTitle "playchess.com"]
[Source "ChessBase"]
[SourceQuality "1"]
[TimeControl "40/5400+30:1800+30"]

1. e4 e5 2. Nf3 Nc6 3. Bb5 Nf6 4. d3 Bc5 5. O-O Nd4 6. Nxd4 Bxd4 7. c3 Bb6 8. d4 O-O 9. Bd3 d6 10. a4 a6 11. a5 Ba7 12. Bc2 Re8 13. Re1 Nd7 14. Be3 Nf8 15. Nd2 Ng6 16. Nf1 Qf6 17. Qd2 h6 18. Ng3 Nh4 19. dxe5 dxe5 20. Bxa7 Rxa7 21. Qe3 Ra8 22. Bb3 Be6 23. Bd5 c6 24. Bxe6 Qxe6 25. Qb6 Re7 26. Red1 Rd7 27. h3 Re8 28. Kh2 Ree7 29. Qc5 f6 30. b4 Rxd1 31. Rxd1 Rd7 32. Rxd7 Qxd7 33. Qc4+ Kh7 34. Nh5 Ng6 35. Ng3 Nf4 36. Nf5 Ne6 37. Ne3 g6 38. Qa2 Kg7 39. Qe2 h5 40. Nc4 Nf4 41. Qe3 h4 42. Qc5 Ne6 43. Qd6 Qe8 44. Ne3 Kf7 45. Ng4 Kg7 46. g3 hxg3+ 47. fxg3 Qf7 48. h4 g5 49. Ne3 Kg6 50. Nf5 gxh4 51. Nxh4+ Kh7 52. Nf3 Kg6 53. Kg2 Kg7 54. c4 Kh7 55. c5 Kg7 56. Kf2 Kh7 57. Ke3 Kg7 58. Kd2 Kh7 59. Kc1 Kg7 60. Kb2 Kh7 61. g4 Ng7 62. g5 Qc4 63. Qxf6 Qxb4+ 64. Kc2 Qxc5+ 65. Kd1 Qa3 66. g6+ Kg8 67. Qf7+ Kh8 68. Nxe5 Qa4+ 69. Kc1 Qa1+ 70. Kc2 Qa4+ 71. Kd3 Qa3+ 72. Ke2 Qd6 73. Qf3 Qe7 74. Qh3+ 1-0

[Event "121st Swiss Championship 2022"]
[Site "Samnaun-Compatsch"]
[Date "2022.07.10"]
[Round "9.9"]
[White "Sedina, Yelena"]
[Black "Wyss, Jonas"]
[Result "0-1"]
[ECO "C02"]
[WhiteElo "2215"]
[BlackElo "2223"]
[Annotator "RC"]
[PlyCount "236"]
[EventDate "2022.06.28"]
[EventType "swiss"]
[EventCountry "SUI"]
[SourceTitle "playchess.com"]
[Source "ChessBase"]
[SourceQuality "1"]
[TimeControl "40/5400+30:1800+30"]

1. e4 e6 2. d4 d5 3. e5 c5 4. c3 Qb6 5. Nf3 Nc6 6. a3 Nh6 7. Bd3 cxd4 8. cxd4 Bd7 9. Bc2 g5 10. h3 Nf5 11. Bxf5 exf5 12. Bxg5 Qxb2 13. Nbd2 Qb5 14. a4 Qa6 15. Qe2 Qxe2+ 16. Kxe2 Rg8 17. Nb1 Nxd4+ 18. Nxd4 Rxg5 19. Nc3 Rxg2 20. Nxd5 O-O-O 21. Nf6 Bc5 22. Rhc1 b6 23. Kf3 Rg6 24. Nxd7 Rxd7 25. Nxf5 Re6 26. Ke4 f6 27. f4 fxe5 28. fxe5 Rd2 29. Re1 Bf2 30. Rac1+ Kb8 31. Red1 Re2+ 32. Kf3 R6xe5 33. Rd8+ Kb7 34. Rd7+ Ka6 35. Rcc7 Ka5 36. Rxa7+ Kb4 37. Rxh7 Bc5 38. Rhf7 Rf2+ 39. Kg4 Re4+ 40. Kg5 Rg2+ 41. Kf6 Kb3 42. a5 Bb4 43. Rfb7 Bc3+ 44. Kf7 Rf4 45. Rxb6+ Ka4 46. Ke6 Re2+ 47. Kd5 Re5+ 48. Kc6 Rfxf5 49. Rd7 Rxa5 50. Kb7 Rae5 51. Ra6+ Ba5 52. Rc6 Kb5 53. Rcd6 Rh5 54. Rd1 Bb4 55. R1d3 Bc5 56. Rb3+ Kc4 57. Rb1 Re6 58. Rc7 Rg6 59. Rc6 Rg7+ 60. Rc7 Rg2 61. Rc1+ Kb5 62. Rb1+ Bb4 63. Rbc1 Rb2 64. Kc8 Bc5 65. Ra1 Bb6 66. Rf7 Rc5+ 67. Kb7 Ba5 68. Ka7 Bc7 69. h4 Rb4 70. h5 Bb6+ 71. Kb7 Rxh5 72. Ra6 Bc5 73. Raf6 Ra4 74. Kc8 Ra8+ 75. Kd7 Ra7+ 76. Ke6 Ra6+ 77. Kd7 Rd5+ 78. Kc8 Bb6 79. Rf5 Ra8+ 80. Kb7 Ra7+ 81. Kc8 Ra8+ 82. Kb7 Ra7+ 83. Kc8 Rxf5 84. Rxf5+ Bc5 85. Rf6 Bd4 86. Rg6 Be5 87. Kd8 Kc5 88. Ke8 Bd6 89. Re6 Kc6 90. Rh6 Re7+ 91. Kd8 Rf7 92. Re6 Kd5 93. Re1 Bb4 94. Re2 Bc3 95. Ke8 Rf4 96. Re7 Bb4 97. Rf7 Re4+ 98. Kd7 Bd6 99. Rf5+ Be5 100. Rf1 Ra4 101. Rd1+ Bd4 102. Ke7 Ra7+ 103. Kf8 Ke5 104. Kg8 Ba1 105. Rf1 Ke6 106. Rf7 Ra2 107. Rb7 Be5 108. Kh7 Rh2+ 109. Kg6 Rg2+ 110. Kh7 Bf6 111. Ra7 Be7 112. Kh6 Bf6 113. Ra6+ Kf5 114. Ra5+ Be5 115. Kh7 Rg7+ 116. Kh6 Rd7 117. Rb5 Rd1 118. Kh7 Rd8 0-1

[Event "121st Swiss Championship 2022"]
[Site "Samnaun-Compatsch"]
[Date "2022.07.10"]
[Round "9.11"]
[White "Collin, Moritz Valentin"]
[Black "Kostina, Veronika"]
[Result "0-1"]
[ECO "A40"]
[WhiteElo "2129"]
[BlackElo "1883"]
[Annotator "RC"]
[PlyCount "110"]
[EventDate "2022.06.28"]
[EventType "swiss"]
[EventCountry "SUI"]
[SourceTitle "playchess.com"]
[Source "ChessBase"]
[SourceQuality "1"]
[TimeControl "40/5400+30:1800+30"]

1. d4 e6 2. c4 b6 3. a3 c5 4. d5 exd5 5. cxd5 d6 6. e4 g6 7. Nc3 Bg7 8. Nf3 Nf6 9. Nd2 O-O 10. Be2 Re8 11. O-O a6 12. a4 Ra7 13. f4 Rae7 14. Bf3 b5 15. axb5 axb5 16. Nxb5 Ba6 17. Rxa6 Nxa6 18. Nc4 Nxe4 19. Bxe4 Rxe4 20. Nbxd6 Rxc4 21. Nxc4 Bd4+ 22. Kh1 Qxd5 23. b3 Nb4 24. h3 f5 25. Bb2 Bxb2 26. Nxb2 Re3 27. Qxd5+ Nxd5 28. Na4 Rxb3 29. Nxc5 Rc3 30. Ne6 Kf7 31. Ng5+ Kg7 32. h4 h6 33. Nh3 Rc2 34. Re1 Kf7 35. Kh2 Nf6 36. Ng1 Rc4 37. Rf1 Nh5 38. Ne2 Re4 39. Rf2 Nf6 40. g3 Ng4+ 41. Kg2 Nxf2 42. Kxf2 Ke6 43. Ng1 Kd5 44. Nf3 Re6 45. Kf1 Ke4 46. Ke2 Ra6 47. Nd2+ Kd5 48. Ke3 Ra3+ 49. Kf2 Kd4 50. Nf3+ Ke4 51. Ne5 g5 52. hxg5 hxg5 53. Ng6 Ra2+ 54. Kg1 Kf3 55. fxg5 Kxg3 0-1